 Dungeon Crawl Stone Soup version 0.29.1 (webtiles) character file.

Game seed: 7734293314106138014

92 masschaos23 the Sneak (level 4, -13/30 HPs)
             Began as an Octopode Brigand on Sept 13, 2022.
             Killed by divine providence
             ... invoked by an orc priest
              (16 damage)
             ... on level 3 of the Dungeon.
             The game lasted 00:11:05 (2554 turns).

masschaos23 the Sneak (Octopode Brigand)            Turns: 2554, Time: 00:11:05

Health: -13/30     AC:  1    Str: 16    XL:     4   Next: 60%
Magic:  4/4        EV: 13    Int: 13    God:
Gold:   192        SH:  0    Dex: 15    Spells: 3/3 levels left

rFire   . . .      SeeInvis .   a - +2 dagger
rCold   . . .      Faith    .   (no shield)
rNeg    . . .      Spirit   .   (helmet restricted)
rPois   .          Reflect  .   m - amulet of the acrobat
rElec   .          Harm     .   k - +6 ring of strength
rCorr   .          Rampage  .   (no ring)
Will    .....                   (no ring)
Stlth   +++++.....              (no ring)
HPRegen 0.10/turn               (no ring)
MPRegen 0.09/turn               (no ring)
                                (no ring)
                                (no ring)

@: no status effects
A: almost no armour, amphibious, 8 rings, camouflage 1, gelatinous body 1,
(nimble swimmer 1), tentacles
a: no special abilities


You were on level 3 of the Dungeon.
You visited 1 branch of the dungeon, and saw 3 of its levels.

You collected 192 gold pieces.

Inventory:

Hand Weapons
 a - a +2 dagger (weapon)
 e - a +1 dagger of venom
 j - a +0 long sword
Missiles
 b - 9 poisoned darts
 c - a curare-tipped dart
 f - a throwing net
 s - a boomerang of dispersal (quivered)
Jewellery
 k - a +6 ring of strength (left tentacle)
 m - an amulet of the acrobat (around mantle)
Scrolls
 d - a scroll of teleportation {unknown}
 g - a scroll of vulnerability {unknown}
 o - a scroll of noise {unknown}
 p - a scroll of fog
 q - a scroll of brand weapon {unknown}
 r - 2 scrolls of identify
Potions
 h - a potion of lignification
 i - a potion of mutation {unknown}
 l - 2 potions of curing {unknown}
 n - a potion of degeneration {unknown}


   Skills:
 + Level 2.4 Fighting
 + Level 2.7 Short Blades
 + Level 2.3 Throwing
 + Level 1.2 Dodging
 + Level 7.0 Stealth


You had 3 spell levels left.
You didn't know any spells.
Your spell library was empty.

Dungeon Overview and Level Annotations

Branches:
Dungeon (3/15)

Altars:


Innate Abilities, Weirdness & Mutations

You cannot wear most types of armour.
You are amphibious.
You can wear up to eight rings at the same time.
Your skin changes colour to match your surroundings (Stealth+).
Your rubbery body absorbs attacks. (AC +1, EV +1)
((You are camouflaged when in or above water. (Stealth+)))
You have tentacles for arms and can constrict up to eight enemies at once.


Message History

A ball python comes into view.
Found 9 gold pieces.
Found a stone staircase leading down.
The helpless dart slug fails to defend itself.
You impale the dart slug!!
You kill the dart slug!
You see here a dart slug corpse.
You barely miss the rat. You grab the rat. You constrict the rat.
The rat closely misses you.
You barely miss the rat.
The rat is severely wounded.
You constrict the rat.
You kill the rat!
You see here a rat corpse.
You now have 192 gold pieces (gained 9).
An orc and an orc priest come into view.
An orc comes into view. It is wielding a +0 flail.
The orc shouts!
The orc priest calls down the wrath of Beogh upon you.
Beogh smites you!
You hear a shout!
The orc priest invokes the aid of Beogh against something.
Beogh smites you!
* * * LOW HITPOINT WARNING * * *
Throw: 2 boomerangs (disperse)
Press: ? - help, Q - select action, (/) - cycle Shift-Dir - straight line, f - orc priest
Aim: an orc priest, wielding a +0 short sword (fire blocked by a granite statue, 60% to hit)
Your line of fire to the orc priest is blocked by a granite statue.
An orc comes into view. It is wielding a +0 club.
Throw: 2 boomerangs (disperse)
Press: ? - help, Q - select action, (/) - cycle Shift-Dir - straight line, f/p - orc priest
Aim: an orc priest, wielding a +0 short sword (60% to hit)
You throw a boomerang of dispersal.
The boomerang of dispersal hits the orc priest.
The orc priest blinks!
The orc priest is moderately wounded.
The orc priest invokes the aid of Beogh against you.
Beogh smites you!
Ouch! That really hurt!
You die...

#.# #.#.# #.#.# #.#.# #
#.# #.#.# ##..
#.#.######## ...
#.#......... ..#
###.#...#.######o#
..#####.........@o.....#
............##+##......#
.........8.## ##.8...#
.†........## ##§...#
.........## ##..##
........## #o# ###.....#
.# #.#.....# .#
#.......#


You could see an orc priest and 2 orcs.

Vanquished Creatures
  Terence (D:2)
  An adder (D:2)
  3 worms (D:2)
  4 dart slugs
  4 endoplasms
  7 goblins
  2 hobgoblins
  2 jackals (D:2)
  2 quokkas
  4 ball pythons
  6 bats
  2 frilled lizards (D:2)
  2 kobolds (D:3)
  3 rats
43 creatures vanquished.

Notes
Turn   | Place    | Note
-------+----------+-------------------------------------------
     0 | D:1      | masschaos23 the Octopode Brigand began the quest for the
                  | Orb.
     0 | D:1      | Reached XP level 1. HP: 14/14 MP: 1/1
   154 | D:1      | Reached XP level 2. HP: 19/19 MP: 2/2
   524 | D:1      | Reached skill level 6 in Stealth
   707 | D:1      | Found a faded altar of an unknown god.
   716 | D:1      | You fall into a shaft and drop 1 floor!
   736 | D:2      | Reached XP level 3. HP: 17/24 MP: 3/3
  1219 | D:2      | Noticed Terence
  1234 | D:2      | Killed Terence
  1235 | D:2      | Reached skill level 7 in Stealth
  1235 | D:2      | Reached XP level 4. HP: 24/29 MP: 4/4
  2554 | D:3      | Killed from afar by an orc priest

Illustrated notes

Levels and vault maps discovered:
D:1:      giann_horns, layout_loops_ring,
          hellmonk_ecumenical_altar_leap_of_faith, item_on_display_a
D:2:      layout_basic, serial_co_window_serial, co_window_corner_a,
          co_window_paths_b, co_window_corner_a, co_window_corner_a,
          co_window_of_opportunity_a, co_window_corner_ca, co_window_corner_cb,
          co_window_corner_b, co_window_cross_2, co_window_paths_c,
          co_window_2corner, minmay_hexomino_f4, uniq_terence
D:3:      layout_basic, nicolae_overflow_ecumenical_swirl,
          mainiacjoe_overflow_surrounded_room, minmay_misc_feat_alley

Skill      XL: |  1  2  3 |
---------------+----------+-----
Stealth        | 6 7 |  7.0
Fighting       | |  2.4
Short Blades   | |  2.7
Throwing       | |  2.3
Dodging        | |  1.2

Action                   |  1- 3 |  4- 6 || total
-------------------------+-------+-------++-------
Melee: Dagger            |    40 |    26 ||    66
       Tentacles         |     5 |     4 ||     9
       Constrict         |    10 |     5 ||    15
       Punch             |     1 |       ||     1
Throw: Dart              |     9 |       ||     9
       Throwing net      |     1 |       ||     1
       Boomerang         |       |     1 ||     1
  Use: Scroll            |     2 |       ||     2
 Stab: Sleeping          |    10 |     6 ||    16
Armor: Skin              |     2 |       ||     2
Dodge: Dodged            |    16 |    13 ||    29
